 Dungeon Crawl Stone Soup version 0.20.1-1-g8b1a95d (webtiles) character file.

132776 Monsterracer the Severer (level 16, -2/148 HPs)
             Began as a Deep Dwarf Fighter on Oct 18, 2017.
             Was the Champion of Makhleb.
             Slain by an eight-headed hydra (6 damage)
             ... on level 4 of the Swamp.
             The game lasted 00:27:58 (17653 turns).

Monsterracer the Severer (Deep Dwarf Fighter)      Turns: 17653, Time: 00:27:59

Health: -2/148     AC: 29    Str: 31    XL:     16   Next: 58%
Magic:  21/21      EV: 14    Int: 10    God:    Makhleb [******]
Gold:   1773       SH: 14    Dex: 10    Spells: 15/15 levels left

rFire    + . .     SeeInvis .   a - +1 broad axe (elec)
rCold    . . .     Gourm    .   c - +0 shield
rNeg     + . .     Faith    .   P - +2 chain mail {rF+}
rPois    +         Spirit   .   z - +2 helmet
rElec    .         Reflect  .   r - +2 cloak
rCorr    .         Harm     .   g - +1 pair of gloves
MR       ++...     Rnd*Rage +   j - +2 pair of boots
Stlth    ..........             (no amulet)
Regen    0.0/turn               l - +3 ring of strength
MPRegen  0.2/turn               e - ring of poison resistance

@: lethally poisoned (-2 -> -2), non-regenerating, very slow
A: damage resistance, heal wounds, iridescent scales 1, berserk 1, clumsy 1,
negative energy resistance 1, sense surroundings 2, strong 1, no regeneration
a: Heal Wounds, Minor Destruction, Lesser Servant of Makhleb, Major Destruction,
Greater Servant of Makhleb, Renounce Religion


You were on level 4 of the Swamp.
You worshipped Makhleb.
Makhleb was exalted by your worship.
You were hungry.

You visited 5 branches of the dungeon, and saw 25 of its levels.
You also visited: Ossuary, Ice Cave and Volcano.

You collected 2253 gold pieces.
You spent 480 gold pieces at shops.

Inventory:

Hand Weapons
 a - a +1 broad axe of electrocution (weapon)
 b - a +1 flail of protection
Armour
 c - a +0 shield (worn)
 g - a +1 pair of gloves (worn)
 j - a +2 pair of boots (worn)
 r - a +2 cloak (worn)
 z - a +2 helmet (worn)
 P - a +2 chain mail of fire resistance (worn)
Jewellery
 d - an uncursed ring of see invisible
 e - a ring of poison resistance (right hand)
 l - a +3 ring of strength (left hand)
 K - the ring "Inohec" {*Tele +Fly rElec rPois rC-}
   (You found it on level 1 of the Lair of Beasts)

   [ring of teleportation]

   It may teleport you next to monsters.
   It makes you vulnerable to cold.
   It insulates you from electricity.
   It protects you from poison.
   It lets you fly.
 Q - an uncursed ring of protection from fire
Wands
 h - a wand of digging (7/24)
 t - a wand of digging (11/24)
 F - a wand of digging (13/24)
 J - a wand of digging (9/24)
Scrolls
 i - 10 scrolls of remove curse
 k - 5 scrolls of fog
 q - 4 scrolls of recharging
 v - 2 scrolls of magic mapping
 x - 3 scrolls of fear
 B - 2 scrolls of holy word
 G - 6 scrolls of teleportation
 M - a scroll of identify
Potions
 m - 8 potions of curing
 o - 4 potions of might
 p - 3 potions of heal wounds
 u - 3 potions of haste
 w - 2 potions of magic
 A - 3 potions of lignification
 C - 2 potions of ambrosia
 H - a potion of invisibility
 I - 2 potions of resistance
 N - a potion of mutation
 O - 2 potions of agility
Comestibles
 f - 22 bread rations
 n - 8 meat rations
 D - 21 royal jellies
 L - 33 fruits


   Skills:
 + Level 10.8 Fighting
 * Level 16.4 Axes
 + Level 12.4 Armour
 + Level 12.4 Dodging
 + Level 13.0 Shields
 + Level 13.1 Invocations


You had 15 spell levels left.
You didn't know any spells.

Dungeon Overview and Level Annotations

Branches:
Dungeon (12/15)            Temple (1/1) D:7            Lair (6/6) D:8
  Swamp (4/4) Lair:3        Snake (0/4) Lair:4        Slime (0/5) Lair:6
    Orc (2/2) D:12            Elf (0/3) Orc:2

Altars:
Ashenzari
Cheibriados
Dithmenos
Elyvilon
Fedhas
Hepliaklqana
Kikubaaqudgha
Makhleb
Nemelex Xobeh
Qazlal
Ru
Sif Muna
Trog
Vehumet
Yredelemnul
Zin
The Shining One
Beogh
Jiyva

Shops:
D:5 %   D:6 :(%   D:7 ::%*   D:12 *   Orc:2 %}((

Annotations:
D:6 exclusion: door
Lair:2 exclusion: 3 oklob plants
Swamp:4 Mara


Innate Abilities, Weirdness & Mutations

You are resistant to damage.
You can heal yourself by infusing magical energy.
You resist negative energy. (rN+)
You passively map the area around you.
You do not regenerate.
You are partially covered in iridescent scales. (AC +2)
You tend to lose your temper in combat.
You are clumsy. (Dex -2)
Your muscles are strong. (Str +2)


Message History

Mara splashes around in the water.
Monsterracer's illusion hits you!!
You are electrocuted!
Huge Dmg: -20%(-29hp) hp: 63%(93hp)
You hit Mara.
Mara is heavily wounded.
You hit Monsterracer's illusion.
Mara hits you with a demon whip of electrocution!!
You are electrocuted!
You block Monsterracer's illusion's attack.
Huge Dmg: -18%(-27hp) hp: 45%(66hp)
You slash Mara!
Mara is severely wounded.
You hit Monsterracer's illusion but do no damage.
You closely miss Mara.
Mara is severely wounded.
You slash Monsterracer's illusion! Mara gestures at you.
The bolt of fire hits you! You resist.
You block Monsterracer's illusion's attack.
Huge Dmg: -9%(-14hp) hp: 36%(52hp)
You barely miss Mara.
Mara is severely wounded.
You miss Monsterracer's illusion.
Mara splashes around in the water.
Monsterracer's illusion hits you but does no damage.
You are electrocuted!
Damage: -4%(-6hp) hp: 32%(46hp)
You hit Mara.
Mara is severely wounded.
You closely miss Monsterracer's illusion.
Mara blinks!
Monsterracer's illusion hits you but does no damage.
An eight-headed hydra comes into view.
You enter the shallow water.
Moving in this stuff is going to be slow.
Mara gestures at you. The bolt of fire misses you.
You block Monsterracer's illusion's attack.
Monsterracer's illusion hits you!
* * * LOW HITPOINT WARNING * * *
Damage: -5%(-7hp) hp: 27%(39hp) Unknown command.
Unknown command.
You closely miss Mara.
Mara is severely wounded.
You barely miss Monsterracer's illusion.
Monsterracer's illusion hits you!
* * * LOW HITPOINT WARNING * * *
You are electrocuted!
* * * LOW HITPOINT WARNING * * *
Mara hits you with a demon whip of electrocution!
* * * LOW HITPOINT WARNING * * *
Huge Dmg: -20%(-29hp) hp: 7%(10hp) Unknown command.
You feel much better.
You block Monsterracer's illusion's attack.
Mara splashes around in the water.
You slash Mara!
Mara is severely wounded.
You closely miss Monsterracer's illusion.
Monsterracer's illusion hits you but does no damage.
You hit Mara but do no damage.
Mara is severely wounded.
You completely miss the eight-headed hydra.
You closely miss Monsterracer's illusion.
You block Mara's attack.
The eight-headed hydra bites you but does no damage.
The eight-headed hydra barely misses you. x2
The eight-headed hydra bites you!
* * * LOW HITPOINT WARNING * * *
The eight-headed hydra closely misses you.
The eight-headed hydra misses you.
You block the eight-headed hydra's attack. x2
Monsterracer's illusion hits you!
* * * LOW HITPOINT WARNING * * *
Huge Dmg: -9%(-13hp) hp: 16%(23hp) Unknown command.
You enter the shallow water.
Moving in this stuff is going to be slow.
Monsterracer's illusion hits you but does no damage.
The eight-headed hydra completely misses you.
The eight-headed hydra closely misses you.
The eight-headed hydra bites you.
* * * LOW HITPOINT WARNING * * *
The eight-headed hydra bites you but does no damage.
The eight-headed hydra closely misses you.
The eight-headed hydra bites you but does no damage. x3
Damage: -2%(-3hp) hp: 14%(20hp) Unknown command.
Okay, then.
You enter the shallow water.
Moving in this stuff is going to be slow.
Mara gestures.
Monsterracer's illusion hits you but does no damage.
You are electrocuted!
* * * LOW HITPOINT WARNING * * *
The eight-headed hydra completely misses you.
You block the eight-headed hydra's attack.
The eight-headed hydra bites you but does no damage.
The eight-headed hydra bites you!
You die...

,#.PP ≈≈ ##.#. ,,, * ,,
≈ *##≈≈≈. ** * ≈ ,
.≈..≈≈♣♣♣♣♣♣♣*
≈≈≈........≈♣♣ ≈
..≈§..≈≈.≈≈.≈♣♣♣
≈.≈≈≈≈≈.§...≈♣.♣♣ , ,
≈.≈≈≈≈§.≈@.≈≈.≈.♣♣♣♣♣
*♣≈≈≈≈≈≈R≈D@♣♣♣♣♣...≈♣♣
,..≈≈≈.♣.≈♣♣≈≈≈≈♣.≈≈≈≈♣
, ,
≈≈...♣♣♣.♣P≈≈≈≈♣<≈≈.≈♣
,..≈♣♣ ♣♣♣ ≈≈♣♣≈.≈.♣♣♣
≈ ,.. ≈ ♣≈♣♣♣≈.♣♣ ≈ ,.
≈* ** ♣♣ ♣♣♣♣ , * * ,
*** * *


You could see Mara, an eight-headed hydra and Monsterracer's illusion.

Vanquished Creatures
  4 thorn hunters
  The ghost of bmj180 the Severer, a journeyman HOFi of Okawaru (Orc:2)
  Josephine (Lair:4)
  A ghost crab (Swamp:2)
  The ghost of Terandir the Cleaver, a journeyman MiFi of Cheibriados (D:8)
  Erolcha (Orc:1)
  14 hydras
  2 death yaks
  The ghost of Atash the Cleaver, a novice MiBe of Trog (Lair:1)
  4 two-headed ogres
  An alligator (Swamp:1)
  3 orc high priests (Orc:2)
  A hell hog (Volcano)
  The ghost of kalagan the Sneak, a novice GrEE of Hepliaklqana (Orc:1)
  Nergalle (Lair:4)
  5 shambling mangroves
  A swamp dragon (Swamp:3)
  8 orc knights
  3 orc sorcerers (Orc:2)
  8 ugly things
  An oklob plant (Lair:5)
  A cyclops (D:11)
  A manticore (D:12)
  Maurice (D:8)
  Joseph (D:10)
  2 ice statues (IceCv)
  The ghost of YrmMerkstave the Blocker, a novice GrFi (D:7)
  Psyche (D:12)
  2 black mambas
  5 elephants (Lair:3)
  A gargoyle (D:11)
  2 torpor snails
  16 spiny frogs
  2 rime drakes (Orc:1)
  9 komodo dragons
  An efreet (D:11)
  A tengu conjurer (D:10)
  A queen bee (D:12)
  12 hornets
  3 meliai (D:12)
  4 polar bears
  9 trolls
  3 bog bodies
  A meliai zombie (D:11)
  21 blink frogs
  6 dream sheep
  4 hippogriffs
  2 tyrant leeches
  18 spriggans
  4 shadows
  4 wraiths (Lair:4)
  23 yaks
  Sigmund (D:6)
  A wyvern (Lair:6)
  2 fire bats (Volcano)
  4 basilisks
  7 vampire mosquitoes
  The ghost of bmj180 the Slasher, an amateur HuBe of Trog (D:3)
  3 hungry ghosts
  Grum (Lair:1)
  2 wargs
  4 nagas (Lair:4)
  8 swamp worms
  A hell hound (Volcano)
  7 porcupines
  10 insubstantial wisps
  13 water moccasins
  8 swamp drakes
  29 orc warriors
  A hornet zombie (D:9)
  7 black bears
  6 ice beasts (IceCv)
  A necrophage (D:9)
  7 sky beasts
  10 ogres
  18 wolves
  9 centaurs
  3 phantoms
  4 boggarts (Lair:6)
  A big kobold (D:12)
  13 crocodiles
  13 bullfrogs
  A wyvern zombie (D:9)
  2 scorpions
  29 killer bees
  8 wights
  6 bullfrog zombies
  3 crimson imps
  5 centaur zombies
  3 jellies
  2 hounds
  17 orc priests
  2 centaur skeletons (D:11)
  16 orc wizards
  A bullfrog skeleton (D:12)
  2 iguanas
  10 worker ants
  A hound zombie (D:9)
  5 mummies
  2 worker ant zombies
  A howler monkey zombie (D:10)
  A howler monkey skeleton (D:5)
  4 adders
  3 shadow imps
  4 worms
  An adder skeleton (D:7)
  5 adder zombies (Ossuary)
  A leopard gecko (D:7)
  108 orcs
  3 giant cockroaches
  2 goblins
  2 hobgoblins
  4 jackals (D:11)
  2 quokkas
  A ball python (D:6)
  A goblin zombie (Ossuary)
  A hobgoblin zombie (Ossuary)
  A jackal zombie (D:7)
  4 kobolds
  5 kobold zombies (Ossuary)
  2 leopard gecko skeletons
  4 quokka zombies
  2 rats
  3 rat zombies (Ossuary)
  11 briar patches
  A fungus (Lair:4)
  4 plants
  A withered plant (D:9)
717 creatures vanquished.

Vanquished Creatures (collateral kills)
  Nikola (Swamp:3)
  Jorgrun (Swamp:3)
  2 alligators (Swamp:3)
  2 spriggans (Swamp:3)
  A spriggan druid (Swamp:3)
  A spiny frog (Swamp:3)
  3 hornets (Swamp:3)
  A tyrant leech (Swamp:3)
  2 swamp drakes (Swamp:3)
14 creatures vanquished.

Vanquished Creatures (others)
  A hydra (Swamp:2)
  2 two-headed ogres (Volcano)
  An ugly thing (IceCv)
  A hornet (Swamp:3)
  A swamp drake (Swamp:2)
  A centaur (Volcano)
  13 fungi
  14 plants
34 creatures vanquished.

Grand Total: 765 creatures vanquished

Notes
Turn   | Place    | Note
-------+----------+-------------------------------------------
     0 | D:1      | Monsterracer the Deep Dwarf Fighter began the quest for the Orb.
     0 | D:1      | Reached XP level 1. HP: 20/20 MP: 1/1
   389 | D:3      | Reached XP level 2. HP: 24/27 MP: 2/2
   474 | D:3      | Reached skill level 1 in Dodging
   491 | D:3      | Noticed bmj180's ghost (amateur HuBe)
   506 | D:3      | Killed bmj180's ghost
   506 | D:3      | Reached skill level 3 in Axes
   506 | D:3      | Reached XP level 3. HP: 21/34 MP: 3/3
   506 | D:3      | Reached XP level 4. HP: 26/42 MP: 4/4
   506 | D:3      | Reached XP level 5. HP: 31/49 MP: 5/5
   626 | D:4      | Found a radiant altar of Vehumet.
   637 | D:5      | Entered Level 5 of the Dungeon
   674 | D:5      | Reached skill level 4 in Axes
   687 | D:5      | Noticed a water moccasin
   693 | D:5      | Killed a water moccasin
   693 | D:5      | Reached XP level 6. HP: 40/56 MP: 6/6
   751 | D:5      | Noticed a sky beast
   763 | D:5      | Killed a sky beast
   810 | D:5      | Reached skill level 5 in Axes
   861 | D:5      | Found a stormy altar of Qazlal.
   923 | D:5      | Found Kamopret's Food Shoppe.
   943 | D:5      | Reached XP level 7. HP: 20/63 MP: 7/7
  1055 | D:5      | Found a blossoming altar of Fedhas.
  1153 | D:6      | Found Odwets's Book Shop.
  1178 | D:6      | Found a basalt altar of Yredelemnul.
  1181 | D:6      | Noticed a profane servitor
  1237 | D:6      | Noticed Sigmund
  1247 | D:6      | Killed Sigmund
  1247 | D:6      | Reached skill level 6 in Axes
  1247 | D:6      | Reached skill level 5 in Armour
  1247 | D:6      | Reached skill level 5 in Shields
  1272 | D:6      | Found Didonog's Antique Weapon Emporium.
  1283 | D:6      | Bought a crystal war axe for 204 gold pieces
  1283 | D:6      | Identified the +3 war axe "Grim Tooth" {freeze, rN+ Stlth+} (You bought it in a shop on level 6 of the Dungeon)
  1296 | D:6      | Reached XP level 8. HP: 65/73 MP: 7/7
  1395 | D:6      | Found Mabb's Food Shoppe.
  1444 | D:6      | Found a deep blue altar of Sif Muna.
  1617 | D:6      | Reached skill level 7 in Axes
  1885 | D:6      | Found a glowing golden altar of the Shining One.
  1916 | D:6      | Found a hazy altar of Hepliaklqana.
  2133 | D:7      | Reached skill level 5 in Fighting
  2160 | D:7      | Found Diurhem's Book Shop.
  2207 | D:7      | Reached skill level 5 in Dodging
  2232 | D:7      | Found Esackidu's General Store.
  2235 | D:7      | Bought a potion of curing for 36 gold pieces
  2238 | D:7      | Found a staircase to the Ecumenical Temple.
  2250 | Temple   | Entered the Ecumenical Temple
  2327 | Temple   | Became a worshipper of Makhleb the Destroyer
  2361 | D:7      | Gained mutation: You passively map the area around you. [Deep Dwarf growth]
  2361 | D:7      | Reached XP level 9. HP: 75/81 MP: 8/8
  2391 | D:7      | Reached skill level 1 in Invocations
  2412 | D:7      | Reached skill level 8 in Axes
  2413 | D:7      | Noticed YrmMerkstave's ghost (novice GrFi)
  2444 | D:7      | Killed YrmMerkstave's ghost
  2451 | D:7      | Found a shattered altar of Ashenzari.
  2469 | D:7      | Found a sand-covered staircase.
  2487 | Ossuary  | Entered an ossuary
  2567 | Ossuary  | Reached * piety under Makhleb
  2796 | D:7      | Found a snail-covered altar of Cheibriados.
  2886 | D:7      | Found Muosoh's Food Emporium.
  2946 | D:7      | Found Zoenekih's Book Emporium.
  3103 | D:8      | Noticed Maurice
  3116 | D:8      | Killed Maurice
  3116 | D:8      | Reached skill level 9 in Axes
  3188 | D:8      | Noticed Terandir's ghost (journeyman MiFi)
  3224 | D:8      | Killed Terandir's ghost
  3224 | D:8      | Reached XP level 10. HP: 44/91 MP: 9/9
  3283 | D:8      | Gained mutation: You tend to lose your temper in combat. [mutagenic meat]
  3284 | D:8      | Gained mutation: You are partially covered in iridescent scales. (AC +2) [mutagenic meat]
  3285 | D:8      | Gained mutation: You are clumsy. (Dex -2) [mutagenic meat]
  3286 | D:8      | Gained mutation: Your muscles are strong. (Str +2) [mutagenic meat]
  3352 | D:8      | Reached ** piety under Makhleb
  3377 | D:8      | Found a roughly hewn altar of Beogh.
  3496 | D:8      | Found an ancient bone altar of Kikubaaqudgha.
  3594 | D:8      | Noticed an angel
  3595 | D:8      | Found a glowing silver altar of Zin.
  3720 | D:8      | Found a staircase to the Lair.
  3802 | D:8      | Reached skill level 10 in Axes
  3840 | D:7      | Bought an uncursed ring of poison resistance for 240 gold pieces
  4088 | D:9      | Found a bloodstained altar of Trog.
  4168 | D:9      | Reached *** piety under Makhleb
  4186 | D:9      | Reached skill level 5 in Invocations
  4779 | D:10     | Entered Level 10 of the Dungeon
  4893 | D:10     | Reached XP level 11. HP: 99/99 MP: 12/12
  5366 | D:10     | Noticed Joseph
  5374 | D:10     | Killed Joseph
  5814 | D:11     | Noticed a two-headed ogre
  5824 | D:11     | Killed a two-headed ogre
  5903 | D:11     | Noticed a two-headed ogre
  5909 | D:11     | Reached **** piety under Makhleb
  5913 | D:11     | Killed a two-headed ogre
  5913 | D:11     | Reached skill level 11 in Axes
  6191 | D:11     | Noticed a two-headed ogre
  6201 | D:11     | Killed a two-headed ogre
  6499 | D:12     | Reached XP level 12. HP: 109/109 MP: 14/14
  6610 | D:12     | Noticed Psyche
  6617 | D:12     | Killed Psyche
  6721 | D:12     | Reached skill level 12 in Axes
  6775 | D:12     | Found Riatef's Wicked Wares.
  6777 | D:12     | Found a burning altar of Makhleb.
  6868 | D:12     | Reached ***** piety under Makhleb
  6922 | D:12     | Found a staircase to the Orcish Mines.
  7141 | Lair:1   | Entered Level 1 of the Lair of Beasts
  7141 | Lair:1   | Noticed Grum
  7149 | Lair:1   | Killed Grum
  7229 | Lair:1   | Got a crude pewter ring
  7273 | Lair:1   | Noticed Atash's ghost (novice MiBe)
  7295 | Lair:1   | Killed Atash's ghost
  7560 | Lair:1   | Identified the ring "Inohec" {*Tele +Fly rElec rPois rC-} (You found it on level 1 of the Lair of Beasts)
  7561 | Lair:1   | Identified a scroll of acquirement
  7564 | Lair:1   | Got an encrusted buckler
  7575 | Lair:1   | Identified the +3 buckler of the Carpenter {-Tele MR++ Slay+4} (You acquired it on level 1 of the Lair of Beasts)
  7590 | Lair:1   | Noticed a seven-headed hydra
  7601 | Lair:1   | Killed a seven-headed hydra
  8170 | Lair:2   | Found a dark tunnel.
  8309 | Volcano  | Entered a volcano
  8320 | Volcano  | Noticed a two-headed ogre
  8331 | Volcano  | Killed a two-headed ogre
  8339 | Volcano  | Noticed a two-headed ogre
  8341 | Volcano  | Noticed a hell hog
  8342 | Volcano  | Killed a two-headed ogre
  8344 | Volcano  | Killed a two-headed ogre
  8345 | Volcano  | Killed a hell hog
  8758 | Lair:2   | Reached skill level 10 in Shields
  9092 | Lair:3   | Found a staircase to the Swamp.
  9107 | Lair:3   | Reached skill level 13 in Axes
  9186 | Lair:3   | Reached XP level 13. HP: 117/117 MP: 17/17
  9204 | Lair:3   | Reached skill level 10 in Armour
  9264 | Lair:3   | Found a sparkling altar of Nemelex Xobeh.
 10009 | Lair:4   | Reached skill level 10 in Dodging
 10042 | Lair:4   | Noticed Josephine
 10055 | Lair:4   | Found a staircase to the Snake Pit.
 10459 | Lair:4   | Noticed Nergalle
 10480 | Lair:4   | Killed Nergalle
 10480 | Lair:4   | Reached skill level 10 in Invocations
 10940 | Lair:4   | Killed Josephine
 11749 | Lair:5   | Reached skill level 14 in Axes
 12069 | Lair:6   | Entered Level 6 of the Lair of Beasts
 12190 | Lair:6   | Reached ****** piety under Makhleb
 12322 | Lair:6   | Gained mutation: You resist negative energy. (rN+) [Deep Dwarf growth]
 12322 | Lair:6   | Reached XP level 14. HP: 74/129 MP: 19/19
 12777 | Lair:6   | Found a viscous altar of Jiyva.
 12777 | Lair:6   | Found a staircase to the Slime Pits.
 13442 | Orc:1    | Entered Level 1 of the Orcish Mines
 13460 | Orc:1    | HP: 6/129 [orc warrior/hand axe[an orc knight] (21)]
 13555 | Orc:1    | Noticed Erolcha
 13569 | Orc:1    | Killed Erolcha
 13574 | Orc:1    | Reached skill level 15 in Axes
 13574 | Orc:1    | Reached XP level 15. HP: 85/138 MP: 19/19
 13678 | Orc:1    | Noticed kalagan's ghost (novice GrEE)
 13684 | Orc:1    | Killed kalagan's ghost
 13705 | Orc:1    | Found a frozen archway.
 13756 | IceCv    | Entered an ice cave
 13757 | IceCv    | Found a transporter.
 13934 | Orc:1    | Reached skill level 10 in Fighting
 14128 | Orc:2    | Entered Level 2 of the Orcish Mines
 14157 | Orc:2    | Noticed bmj180's ghost (journeyman HOFi)
 14194 | Orc:2    | Killed bmj180's ghost
 14999 | Orc:2    | Found Vynna's Antique Weapon Shop.
 14999 | Orc:2    | Found Tutajofigu's Antique Weapon Shoppe.
 15001 | Orc:2    | Found Hoedgh's Food Shop.
 15001 | Orc:2    | Found Zogon's Gadget Shoppe.
 15218 | Orc:2    | Found a staircase to the Elven Halls.
 15449 | Swamp:1  | Entered Level 1 of the Swamp
 16158 | Swamp:2  | Noticed a thorn hunter
 16177 | Swamp:2  | Killed a thorn hunter
 16177 | Swamp:2  | Reached XP level 16. HP: 118/146 MP: 21/21
 16421 | Swamp:2  | Noticed a thorn hunter
 16439 | Swamp:2  | Killed a thorn hunter
 16807 | Swamp:2  | Reached skill level 16 in Axes
 17158 | Swamp:3  | Noticed Jorgrun
 17173 | Swamp:3  | Killed Jorgrun
 17265 | Swamp:3  | Noticed Nikola
 17273 | Swamp:3  | Killed Nikola
 17307 | Swamp:3  | Noticed a thorn hunter
 17315 | Swamp:3  | Killed a thorn hunter
 17603 | Swamp:4  | Entered Level 4 of the Swamp
 17603 | Swamp:4  | Noticed a thorn hunter
 17611 | Swamp:4  | Killed a thorn hunter
 17623 | Swamp:4  | Noticed Mara
 17636 | Swamp:4  | Noticed Monsterracer's illusion
 17653 | Swamp:4  | HP: 4/148 [Monsterracer's illusion[Mara] (16)]
 17653 | Swamp:4  | Slain by an eight-headed hydra

Skill      XL: |  1  2  3  4  5  6  7  8  9 10 11 12 13 14 15 16 |
---------------+-------------------------------------------------+-----
Dodging        | 1 2 3 4 5 6 7 8 9 10 11 12 | 12.4
Fighting       | 3 4 5 6 7 8 9 10 | 10.8
Axes           | 3 4 5 6 7 9 10 11 13 14 15 16 | 16.4
Shields        | 4 5 6 7 8 9 10 11 12 13 | 13.0
Armour         | 4 5 6 7 8 9 10 11 12 | 12.4
Invocations    | 3 5 7 9 10 11 12 13 | 13.1

Action                   |  1- 3 |  4- 6 |  7- 9 | 10-12 | 13-15 | 16-18 || total
-------------------------+-------+-------+-------+-------+-------+-------++-------
Melee: War axe           |    49 |    81 |   349 |   730 |  1127 |   157 ||  2493
       Flail             |       |       |       |     7 |    64 |    34 ||   105
       Broad axe         |       |       |       |       |       |   105 ||   105
Invok: Major Destruction |       |       |       |       |     1 |       ||     1
       Greater Servant o |       |       |       |       |       |     2 ||     2
 Abil: Heal Wounds       |       |     2 |    13 |     4 |     7 |     3 ||    29
  Use: Potion            |     1 |       |       |       |     2 |       ||     3
       Scroll            |       |     6 |     6 |    12 |     6 |     8 ||    38
 Stab: Petrified         |       |       |       |       |     5 |       ||     5
  Eat: Chunk             |       |       |    10 |    23 |    25 |     3 ||    61
       Meat ration       |       |       |       |     1 |       |       ||     1
       Fruit             |       |       |       |       |       |     2 ||     2
Armor: Scale mail        |    27 |    38 |   109 |   243 |       |       ||   417
       Chain mail        |       |       |       |    27 |   537 |   191 ||   755
       Plate armour      |       |       |       |    16 |       |       ||    16
Dodge: Dodged            |    13 |    26 |   118 |   272 |   501 |   143 ||  1073
Block: Shield            |    19 |    41 |   180 |   411 |   772 |   219 ||  1642
       Buckler           |       |       |       |     5 |       |       ||     5

Vault maps used:
D:1:      dpeg_arrival_ternary, serial_forest, infiniplex_forest_lined_room_2,
          infiniplex_forest_clump_long, infiniplex_forest_clump_small,
          infiniplex_forest_fountain, infiniplex_forest_lined_corner
D:2:      kennysheep_okawaru_gauntlet, minmay_misc_feat_iff
D:3:      serial_corexii_hall, corexii_hall_statues_s, corexii_hall_statues_l,
          first_bread, wad_floor_pattern_untrapped
D:4:      kennysheep_the_goblin_king, overflow_temple_1_default
D:5:      fedhas_altar_1, serial_shops, shop, grunt_qazlal_sundering
D:6:      grunt_temple_overflow_holy_war, overflow_temple_1_default,
          led_sif_book, serial_shops, shop, nicolae_shop_behind_doors,
          nicolae_shop_behind_doors, uniq_sigmund
D:7:      kennysheep_mini_moat, old_standard_altar,
          minmay_temple_entry_glassed_door,
          lightli_ossuary_entry_decrepit_ruins, serial_shops,
          nicolae_shop_behind_doors, nicolae_shop_window_shopping, shop,
          nicolae_shop_crystal, grunt_decor_arrowhead
D:8:      zin_angel, old_standard_altar, david_lair_shrubbed, special_room,
          uniq_maurice
D:9:      old_standard_altar, serial_undead, serial_undead_a, serial_undead_c,
          serial_undead_d, serial_undead_a, serial_undead_d, serial_undead_c,
          serial_undead_c, serial_undead_e
D:10:     grunt_tengu_nest, uniq_joseph
D:11:     minmay_misc_feat_plants
D:12:     orc_0_dummy, special_room, hangedman_abyss_or_decor_stabs,
          minmay_misc_feat_enclosed, nicolae_evil_shop, uniq_psyche
Temple:   nicolae_temple_figure_zero
Lair:1:   special_room, infiniplex_staircase_pool, lemuel_fruit_tree,
          serial_bayou_shore_b, uniq_grum
Lair:2:   nicolae_volcano_entry_hallway, worms_lemuel, lemuel_fruit_fields,
          minmay_lair_oklob_chamber
Lair:3:   swamp_mist_pool, basic_altar, beast_lair_carwin_7, grunt_megastairs_5
Lair:4:   minmay_snake_entry_guardpost_small, uniq_nergalle, uniq_josephine
Lair:5:   wad_woods_04, lab_entry_generic, serial_bayou_shore_b
Lair:6:   minmay_lair_end_enchanted_forest, slime_altar_1, grunt_megastairs_1
Swamp:1:  nicolae_swamp_fairy_circle
Swamp:2:  evilmike_swamp_ruin_house_3, swamp_pool2
Swamp:3:  evilmike_swamp_ruin_wall, uniq_jorgrun, uniq_nikola
Swamp:4:  grunt_swamp_rune_castle, swamp_pool3, uniq_mara, uniq_aizul
Orc:1:    portal_ice_cave_rime, uniq_erolcha
Orc:2:    grunt_orc_tribal_feast
Ossuary:  ossuary_minmay_chase
IceCv:    ice_cave_statue_garden_teleport
Volcano:  volcano_village
